 Dungeon Crawl Stone Soup version 0.15.0-23-gc2b521c (console) character file.

32 gw the Cudgeler (level 3, 0/30 HPs)
             Began as a Minotaur Death Knight on Sept 9, 2014.
             Was a Follower of Yredelemnul.
             Succumbed to an adder's poison
             ... on Level 2 of the Dungeon.
             The game lasted 00:00:22 (537 turns).

gw the Cudgeler (Minotaur Death Knight)              Turns: 537, Time: 00:00:22

HP   0/30        AC  3     Str 16 (17) XL: 3   Next:  8%
MP   3/3         EV 10     Int  8      God: Yredelemnul [*.....]
Gold 0           SH  0     Dex 10      Spells:  0 memorised,  2 levels left

rFire  . . .     SeeInvis .     a - +1 mace
rCold  . . .     Clarity  .     b - +0 leather armour
rNeg   . . .     rCorr    .     (no shield)
rPois  .         rRot     .     (helmet restricted)
rElec  .         Spirit   .     (no cloak)
SustAb .         Warding  .     (no gloves)
rMut   .         Stasis   .     (no boots)
Gourm  .                        (no amulet)
MR     .....                    (no ring)
                                (no ring)

@: lethally poisoned, not resistant to hostile enchantments, very unstealthy
A: retaliatory headbutt, horns 2
a: Animate Remains, Renounce Religion


You were on level 2 of the Dungeon.
You worshipped Yredelemnul.
Yredelemnul was aware of your devotion.
You were not hungry.

You visited 1 branch of the dungeon, and saw 2 of its levels.

Inventory:

Hand weapons
 a - a +1 mace (weapon)
Armour
 b - a +0 leather armour (worn)
Comestibles
 c - 2 bread rations


   Skills:
 + Level 2.6 Fighting
 * Level 3.3 Maces & Flails
 + Level 0.8 Throwing
 + Level 2.1 Armour
 - Level 1.1 Dodging
 + Level 2.8 Invocations


You had 2 spell levels left.
You didn't know any spells.

Dungeon Overview and Level Annotations

Branches:
Dungeon (2/15)

Altars:


Innate Abilities, Weirdness & Mutations

You reflexively headbutt those who attack you in melee.
You have a pair of horns on your head.


Message History

Increase (S)trength, (I)ntelligence, or (D)exterity?
You feel agile.
ATTACKING (0,-1)
You swing at nothing.
You feel sick.
ATTACKING (0,1)
You swing at nothing.
ATTACKING (0,-1)
You swing at nothing.
You feel sick.
ATTACKING (0,-1)
You swing at nothing.
You feel sick.
ATTACKING (0,-1)
You swing at nothing.
ATTACKING (0,1)
You swing at nothing.
You feel sick.
ATTACKING (0,1)
You swing at nothing.
ATTACKING (0,1)
You swing at nothing.
You die...
Your body rises from the dead as a mindless zombie.

..########
..S.......#
........<#
.#######)#
#H# #.# ...
.....
###.#.#
#....
#..$.# #..
.# ##.


There were no monsters in sight!

Table legend:
 A = Turns spent in this place as a percentage of turns spent in the entire game.
 B = Non-inter-level travel turns spent in this place as a percentage of non-inter-level travel turns spent in the entire game.
 C = Inter-level travel turns spent in this place as a percentage of turns spent in this place.
 D = Turns resting spent in this place as a percentage of non-inter-level travel turns spent in this place.
 E = Turns spent auto-exploring this place as a percentage of non-inter-level travel turns spent in this place.
 F = Non-inter-level travel turns spent in this place divided by the number of levels of this place that you've seen.
                   A       B       C       D       E      F
               +-------+-------+-------+-------+-------+----------------------
         Total | 100.0 | 100.0 |   0.4 |   4.0 |  17.5 | 111.5
       Dungeon | 100.0 | 100.0 |   0.4 |   4.0 |  17.5 | 111.5
               +-------+-------+-------+-------+-------+----------------------

Table legend:
 A = Kills in this place as a percentage of kills in entire the game.
 B = Kills by you in this place as a percentage of kills by you in the entire game.
 C = Kills by friends in this place as a percentage of kills by friends in the entire game.
 D = Other kills in this place as a percentage of other kills in the entire game.
 E = Experience gained in this place as a percentage of experience gained in the entire game.
 F = Experience gained in this place divided by the number of levels of this place that you have seen.
                   A       B       C       D       E      F
               +-------+-------+-------+-------+-------+----------------------
         Total | 100.0 | 100.0 |  -nan |  -nan | 100.0 |  23.0
       Dungeon | 100.0 | 100.0 |  -nan |  -nan | 100.0 |  23.0
               +-------+-------+-------+-------+-------+----------------------

Vanquished Creatures
  An adder (D:2)
  A gnoll (D:1)
  A giant cockroach (D:1)
  2 hobgoblins (D:1)
  2 bats (D:1)
  2 giant newts (D:1)
  6 goblins
  2 rats (D:1)
17 creatures vanquished.

Notes
Turn   | Place    | Note
--------------------------------------------------------------
     0 | D:1      | gw, the Minotaur Death Knight, began the quest for the Orb.
     0 | D:1      | Reached XP level 1. HP: 18/18 MP: 1/1
   226 | D:1      | Reached XP level 2. HP: 22/25 MP: 1/1
   419 | D:1      | Reached skill level 3 in Maces & Flails
   529 | D:2      | Reached XP level 3. HP: 4/30 MP: 3/3
   533 | D:2      | HP: 1/30 [poisoned by an adder]
   537 | D:2      | Succumbed to an adder's poison

Action                   || total
-------------------------++-------
Melee: Mace              ||    38
  Use: Scroll            ||     2
       Potion            ||     2

Vault maps used:
D:1:      eino_arrival_druids_welcome
